 Dungeon Crawl Stone Soup version 0.21.2 (webtiles) character file.

1265321 Marsh the Bringer of Life (level 27, -10/285 (288) HPs)
             Began as a Deep Dwarf Artificer on Jan 18, 2018.
             Was the Champion of Elyvilon.
             Mangled by Juemi the pandemonium lord (41 damage)
             ... on level 17 of a ziggurat on Dec 12, 2018.
             The game lasted 22:51:51 (110126 turns).

Marsh the Bringer of Life (Deep Dwarf Artificer)  Turns: 110126, Time: 22:51:51

HP:   -10/285 (288) AC: 57    Str: 26    XL:     27
MP:   4/31          EV: 27    Int: 13    God:    Elyvilon [******]
Gold: 14914         SH: 40    Dex: 21    Spells: 2/56 levels left

rFire    + + +     SeeInvis +   t - +9 broad axe (chop)
rCold    + + .     Gourm    .   L - +8 large shield {rC+ rF+}
rNeg     + + +     Faith    .   e - +11 gold dragon scales of the Gravedigger {-Cast rPois rF+ rC+ rN+++ Regen+ Slay+3}
rPois    +         Spirit   .   P - +2 helmet "Osaguiss" {rF+ Int+4 Slay+6}
rElec    +         Reflect  +   g - +2 cloak {MR+}
rCorr    +         Harm     .   y - +3 pair of gloves of the Journeyman {SInv}
MR       +++++     NoCast   +   c - +2 pair of boots of Hangman {+Fly Dex+4}
Stlth    ..........             A - +4 amulet of reflection
HPRegen  0.00/turn              D - ring of Suspected Treachery {rF+ Int-3 Dex+8 Slay+5 SInv}
MPRegen  0.22/turn              O - ring "Xegguot" {rCorr rElec rPois MR++ Dex-4}

@: mighty, weakened, very slightly contaminated, non-regenerating, slowed,
studying Stealth, very slow
A: damage resistance, heal wounds, repulsion field 1, yellow scales 1, [blurry
vision 1], [deterioration 1], [dopey 2], [frail 1], low mp 1, negative energy
resistance 1, sense surroundings 3, robust 1, [weak 2], [no potion heal 2],
subdued magic 2, MP-powered wands, sturdy frame 1, no regeneration
}: 11/15 runes: decaying, serpentine, slimy, silver, icy, bone, abyssal,
demonic, glowing, magical, dark
a: Heal Wounds, Lesser Healing, Heal Other, Purification, Greater Healing,
Divine Vigour, Divine Protection, Renounce Religion, Evoke Flight


You were on level 17 of a ziggurat.
You worshipped Elyvilon.
Elyvilon was exalted by your worship.
You were very hungry.

You visited 13 branches of the dungeon, and saw 68 of its levels.
You visited Pandemonium 3 times, and saw 13 of its levels.
You visited the Abyss 21 times.
You visited 1 ziggurat, and saw 17 of its levels.
You also visited: Ossuary, Ice Cave, Volcano and Wizlab.

You collected 15525 gold pieces.
You spent 611 gold pieces at shops.

Inventory:

Hand Weapons
 a - the +6 shillelagh "Devastator" {shatter}
   (You found it on level 5 of the Vaults)
 t - a +9 broad axe of chopping (weapon)
Armour
 c - the +2 pair of boots of Hangman (worn) {+Fly Dex+4}
   (You acquired it in Pandemonium)

   It affects your dexterity (+4).
   It lets you fly.
 e - the +11 gold dragon scales of the Gravedigger (worn) {-Cast rPois rF+ rC+ rN+++ Regen+ Slay+3}
   (You found it on level 3 of the Elven Halls)

   It affects your accuracy and damage with ranged weapons and melee attacks
   (+3).
   It protects you from fire.
   It protects you from cold.
   It protects you from poison.
   It renders you almost immune to negative energy.
   It prevents spellcasting.
   It increases your rate of regeneration.
 g - a +2 cloak of magic resistance (worn)
 y - the +3 pair of gloves of the Journeyman (worn) {SInv}
   (You acquired it on level 15 of the Dungeon)

   It lets you see invisible.
 L - a +8 large shield of resistance (worn)
 P - the +2 helmet "Osaguiss" (worn) {rF+ Int+4 Slay+6}
   (You acquired it on level 2 of the Depths)

   It affects your intelligence (+4).
   It affects your accuracy and damage with ranged weapons and melee attacks
   (+6).
   It protects you from fire.
 T - the +9 scales of the Dragon King {rPois rF+ rC+ MR+}
   (You found it on level 12 of a ziggurat)

   It protects you from fire.
   It protects you from cold.
   It protects you from poison.
   It affects your resistance to hostile enchantments.
 W - a +2 cloak of poison resistance
Jewellery
 n - the ring "Vixoxt" {rC+ EV+4 Str+6}
   (You found it on level 4 of a ziggurat)

   [ring of evasion]

   It affects your evasion (+4).
   It affects your strength (+6).
   It protects you from cold.
 u - the ring of Gehudota {Wiz rElec rF- Str+9 Stlth-}
   (You found it on level 6 of a ziggurat)

   [ring of wizardry]

   It improves your spell success rate.
   It affects your strength (+9).
   It makes you vulnerable to fire.
   It insulates you from electricity.
   It makes you less stealthy.
 A - a +4 amulet of reflection (around neck)
 D - the ring of Suspected Treachery (left hand) {rF+ Int-3 Dex+8 Slay+5 SInv}
   (You found it on level 5 of the Pits of Slime)

   [ring of protection from fire]

   It affects your intelligence (-3).
   It affects your dexterity (+8).
   It affects your accuracy and damage with ranged weapons and melee attacks
   (+5).
   It protects you from fire.
   It lets you see invisible.
 G - the cursed necklace of Bloodlust {*Rage +Rage MR++ Int-3 Slay+6 *Curse}
   (You found it on level 11 of a ziggurat)

   [amulet of rage]

   It affects your intelligence (-3).
   It affects your accuracy and damage with ranged weapons and melee attacks
   (+6).
   It affects your resistance to hostile enchantments.
   It lets you go berserk.
   It may make you go berserk in combat.
   It curses itself when equipped.
   It has a curse placed upon it.
 O - the ring "Xegguot" (right hand) {rCorr rElec rPois MR++ Dex-4}
   (You took it off a naga mage on level 3 of the Snake Pit)

   [ring of resist corrosion]

   It affects your dexterity (-4).
   It insulates you from electricity.
   It protects you from poison.
   It affects your resistance to hostile enchantments.
Wands
 d - a wand of enslavement (31)
 j - a wand of disintegration (15)
 r - a wand of clouds (28)
 J - a wand of paralysis (56)
 K - a wand of acid (50)
 Z - a wand of iceblast (36)
Scrolls
 h - 9 scrolls of holy word
 i - 7 scrolls of silence
 k - 6 scrolls of summoning
 m - 47 scrolls of teleportation
 v - 13 scrolls of fear
 B - 22 scrolls of blinking
 C - 5 scrolls of enchant weapon
 M - 18 scrolls of immolation
 X - 19 scrolls of fog
Potions
 b - 7 potions of magic
 l - 13 potions of agility
 q - 13 potions of berserk rage
 x - 15 potions of heal wounds
 E - 15 potions of might
 H - 3 potions of mutation
 I - 14 potions of flight
 N - 5 potions of haste
 Q - 2 potions of resistance
 R - 7 potions of brilliance
 V - 28 potions of curing
 Y - 9 potions of cancellation
Books
 z - a manual of Stealth
Miscellaneous
 o - a lamp of fire
 p - 5 boxes of beasts
 s - a fan of gales
 w - 5 sacks of spiders
 F - a phial of floods
 S - a lightning rod (4/4)
 U - 9 phantom mirrors
Comestibles
 f - 100 rations


   Skills:
 - Level 24.7 Fighting
   Level 0.8 Short Blades
 - Level 26.2 Axes
 - Level 1.5(16.9) Maces & Flails
 O Level 27 Armour
 - Level 26.9 Dodging
 * Level 5.4 Stealth
 O Level 27 Shields
 - Level 15.0 Spellcasting
 - Level 5.0 Conjurations
 - Level 14.3 Summonings
 - Level 10.5 Translocations
 - Level 20.0 Earth Magic
 O Level 27 Invocations
 O Level 27 Evocations


You had 2 spell levels left.
You knew the following spells:

 Your Spells              Type           Power        Failure   Level  Hunger
a - Blink                 Tloc           N/A          1%          2    None
b - Shroud of Golubria    Chrm/Tloc      ##........   3%          2    None
c - Summon Lightning Spi  Summ/Air       ###.....     12%         4    ##.....
d - Summon Hydra          Summ           ####......   50%         7    #######
e - Lee's Rapid Deconstr  Erth           #####.....   1%          5    #####..
f - Passage of Golubria   Tloc           N/A          2%          4    ##.....
g - Lesser Beckoning      Tloc           ###.......   1%          3    None
h - Summon Butterflies    Summ           ####....     1%          1    None
i - Aura of Abjuration    Summ           ####......   1%          5    #####..
j - Shadow Creatures      Summ           N/A          9%          6    ######.
k - Shatter               Erth           #####.....   99%         9    #######
l - Iron Shot             Conj/Erth      ####......   21%         6    ######.


Dungeon Overview and Level Annotations

Branches:
Dungeon (15/15)            Temple (0/1) D:5            Lair (6/6) D:10
  Swamp (4/4) Lair:4        Snake (4/4) Lair:3        Slime (5/5) Lair:5
    Orc (2/2) D:11            Elf (3/3) Orc:2        Vaults (5/5) D:13
  Crypt (0/3) Vaults:2     Depths (5/5) D:15           Hell (1/1)
    Dis (0/7) Hell            Geh (0/7) Hell            Coc (7/7) Hell
    Tar (7/7) Hell            Zot (4/5) Depths:5

Altars:
Ashenzari
Elyvilon
Kikubaaqudgha
Nemelex Xobeh
Okawaru
Sif Muna
Vehumet
Beogh

Shops:
D:5 (   D:8 %   D:11 =   D:15 (   Orc:2 (!:(   Elf:1 (   Elf:3 :   Snake:1 %
Snake:3 }==   Depths:1 (

Portals:
Hell: Depths:1 Depths:2 Depths:3 Depths:4 Depths:5
Abyss: Depths:4
Pandemonium: Depths:1 Depths:3


Innate Abilities, Weirdness & Mutations

You are resistant to damage.
You can heal yourself by infusing magical energy.
You resist negative energy. (rN+)
You passively map a large area around you.
You do not regenerate.
You are surrounded by a mild repulsion field. (EV +2)
You are partially covered in yellow scales. (AC +2)
Your magical capacity is low. (-10% MP)
You are robust. (+10% HP)
Your spells are easier to cast, but less powerful.
You expend magic power (3 MP) to strengthen your wands.
Your movements are slightly less encumbered by armour. (ER -2)
[Scrolls take you a little longer to read.]
[Your body sometimes deteriorates upon taking damage.]
[You are very dopey. (Int -4)]
[You are frail. (-10% HP)]
[You are very weak. (Str -4)]
[Potions are poor at restoring your health.]


Message History

The infernal corrupter misses you.
The monstrous corrupter completely misses you.
You block the monstrous corrupter's attack.
The monstrous corrupter gores you but does no damage.
The monstrous corrupter closely misses you.
You block the monstrous corrupter's attack.
The monstrous corrupter barely misses you.
The Hell Sentinel hits you but does no damage.
The Hell Sentinel completely misses you.
The gelid black sun completely misses you.
The Brimstone Fiend calls on the powers of darkness!
The torpor snail convulses!
The ironbrand convoker convulses!
Your body is wracked with pain!
* * * LOW HITPOINT WARNING * * *
The azure jelly convulses!
The very large slime creature convulses!
The large slime creature convulses!
The vault sentinel convulses!
The vault sentinel blows a loud note on a signal horn!
Juemi hits you!!!
You die...

*, ,,, ▓, ,
,,...▓▓▓▓▓▓▓▓▓▓ .8
,......88.........▓
.8.........8....§....▓
................324p)▓
.............JJ1214X?▓
.............J1266615▓
..............561&613▓
.............556@6665▓
..............5w61155▓
...............V223p?▓
.8.........8....55V5.▓
.88.......88.........▓
▓...........▓▓▓▓▓▓▓▓▓▓
▓...........▓
▓...........▓
▓...........▓


You could see Juemi (inner flame), 2 Hell Sentinels, 2 Brimstone Fiends, an Ice
Fiend, 2 demonspawn, a hell beast, an azure jelly, a lorocyproca (invisible), a
balrug, 2 vampire knights, 4 demonspawn, 2 demonspawn, 3 Executioners, 2
blizzard demons, 2 demonspawn, a very large slime creature, a large slime
creature, a torpor snail, a vault sentinel, a large abomination, an ironbrand
convoker, a hellwing, 3 ynoxinuls, a red devil (inner flame) and 11 ufetubi.

Vanquished Creatures
  Antaeus (Coc:7)
  the Royal Jelly (Slime:5)
  Gloorx Vloq (Pan)
  Lom Lobon (Pan)
  Mnoleg (Pan)
  An orb of fire (Zot:2)
  6 ancient liches
  A juggernaut (Zig:15)
  5 pandemonium lords (Pan)
  Sojobo (Depths:1)
  Bai Suzhen (Snake:3)
  8 shard shrikes
  5 curse toes
  2 caustic shrikes (Depths:5)
  Geryon (Hell)
  13 golden dragons
  45 bone dragons
  4 profane servitors
  Jorgrun (Depths:3)
  37 Tzitzimimeh
  A Brimstone Fiend (Pan)
  11 doom hounds
  20 liches
  4 electric golems
  10 Ice Fiends
  Asterion (Elf:2)
  8 Hell Sentinels
  20 tentacled monstrosities
  4 deep elf blademasters
  8 hellephants
  8 titans
  2 deep elf master archers
  4 quicksilver dragons
  20 acid blobs
  27 Executioners
  8 death cobs
  2 eldritch tentacles
  A kraken (Abyss:1)
  8 thorn hunters
  81 tentacled starspawn
  2 ancient champions (WizLab)
  10 storm dragons
  5 sphinxes
  2 storm dragons (shapeshifter) (Depths:4)
  8 draconian monks
  18 tengu reavers
  23 shadow dragons
  24 nagarajas
  14 azure jellies
  5 ghost moths
  7 corrupters (Pan)
  A revenant (Abyss:1)
  10 draconian knights
  7 daevas
  11 deep elf sorcerers
  2 iron dragons
  16 frost giants
  12 fire giants
  20 vault wardens
  9 orc warlords (Zig:15)
  23 cacodemons
  10 black suns
  An emperor scorpion (Zig:5)
  8 warmongers (Pan)
  27 balrugs
  14 draconian scorchers
  Aizul (Vaults:3)
  2 curse skulls (Pan)
  3 angels (Abyss:1)
  44 reapers
  8 draconian shifters
  9 draconian stormcallers
  187 small abominations
  17 ironheart preservers
  2 elemental wellsprings (Coc:7)
  2 ophanim (Abyss:1)
  A ghoul (Vaults:1)
  71 very ugly things
  10 draconian annihilators
  5 deep elf elementalists
  3 war gargoyles
  9 entropy weavers
  21 stone giants
  7 blood saints (Pan)
  11 deep elf demonologists
  6 vampire knights
  14 green draconians
  A juggernaut skeleton (Depths:1)
  Nessos (D:12)
  18 lorocyprocas
  11 yellow draconians
  17 white draconians
  14 black draconians
  13 deep elf annihilators
  18 red draconians
  10 spark wasps
  A crystal guardian (Depths:4)
  15 purple draconians
  23 blizzard demons
  20 green deaths
  5 eidola
  11 deep elf death magi
  A quicksilver dragon zombie (Tar:7)
  22 ettins
  3 merfolk impalers (Zig:8)
  10 death oozes
  19 yaktaur captains
  10 deep elf high priests
  2 jiangshi (Tar:7)
  10 fire dragons
  33 vault guards
  2 kraken zombies
  15 ogre magi
  A great orb of eyes (shapeshifter) (Depths:4)
  Erolcha (Orc:2)
  19 great orbs of eyes
  214 large abominations
  22 ice dragons
  3 juggernaut simulacra (Depths:4)
  25 rakshasas
  A quicksilver dragon skeleton (Tar:7)
  6 ghost crabs
  25 hydras
  11 monstrous demonspawn (Pan)
  2 hell beasts
  34 naga warriors
  A merfolk avatar (Zig:8)
  7 spriggan air magi
  3 catoblepae (Lair:6)
  6 centaur warriors
  6 anacondas
  4 death knights
  35 dancing weapons
  6 death yaks
  A satyr (Abyss:3)
  2 merfolk aquamancers
  An alligator (shapeshifter) (Depths:4)
  The ghost of EndlessMike the Fighter, a novice BaWn of Zin (D:10)
  7 alligators
  2 satyrs (shapeshifter) (Depths:4)
  2 spriggan berserkers
  25 two-headed ogres
  6 deep troll shamans
  2 orc high priests (Zig:15)
  8 tengu warriors
  The ghost of GoshHeckie the Geomancer, a novice GrEE of Vehumet (D:8)
  18 naga sharpshooters
  77 thrashing horrors
  10 deep troll earth magi
  14 hell hogs
  6 spriggans
  12 vampire magi
  2 titan zombies
  60 sun demons
  A shock serpent (shapeshifter) (Depths:3)
  19 deep elf knights
  4 titan skeletons
  7 shock serpents
  5 storm dragon zombies
  31 soul eaters
  16 spatial maelstroms
  16 hell knights
  A fire crab (Lair:6)
  2 ghost moth zombies
  29 shadow wraiths
  76 wretched stars
  2 fire crabs (shapeshifter)
  39 sixfirhies
  3 iron trolls
  51 skeletal warriors
  7 salamander mystics
  8 gelid demonspawn (Pan)
  16 deep elf archers
  11 wizards
  4 anaconda zombies
  10 swamp dragons
  16 glowing orange brains
  2 sea snakes (Snake:1)
  2 shambling mangroves (Swamp:4)
  16 deep trolls
  30 shadow demons
  A swamp dragon (shapeshifter) (Abyss:3)
  19 unseen horrors
  9 infernal demonspawn (Pan)
  6 storm dragon skeletons
  8 flayed ghosts
  A shadow dragon zombie (Abyss:1)
  19 ironbrand convokers
  6 torturous demonspawn (Pan)
  An obsidian statue (Depths:2)
  A kraken simulacrum (Hell)
  2 tengu zombies
  4 death drakes
  A glowing orange brain (shapeshifter) (Vaults:1)
  16 naga ritualists
  A lindwurm (Lair:4)
  2 harpies (shapeshifter) (Abyss:1)
  3 iron dragon zombies
  3 wolf spider zombies
  14 necromancers
  A wolf spider (shapeshifter) (Vaults:4)
  5 anaconda skeletons
  3 orb spiders
  A mana viper (shapeshifter) (Depths:4)
  10 orc sorcerers
  8 phantasmal warriors
  A tengu skeleton (Vaults:5)
  16 mana vipers
  3 stone giant zombies
  A manticore (shapeshifter) (D:14)
  69 deep elf magi
  11 harpies
  11 shining eyes
  5 oklob plants (Zig:8)
  A wolf spider (Vaults:1)
  A cyclops (shapeshifter) (Abyss:1)
  5 shadow dragon skeletons
  3 cyclopes
  14 orc knights
  3 manticores
  6 fire giant zombies
  5 frost giant zombies
  61 ugly things
  2 salamanders (shapeshifter)
  A moth of wrath (shapeshifter) (Vaults:4)
  16 elephants
  26 salamanders
  2 dire elephant zombies
  A sphinx skeleton (Zig:7)
  3 iron dragon skeletons
  3 shock serpent zombies
  24 moths of wrath
  9 stone giant skeletons
  An elephant (shapeshifter) (Abyss:3)
  31 black mambas
  6 fire giant skeletons
  A guardian serpent (shapeshifter) (D:15)
  5 frost giant skeletons
  11 rust devils
  6 ice statues
  37 worldbinders
  4 eyes of devastation
  37 orange demons
  107 smoke demons
  18 apocalypse crabs
  2 torpor snails
  18 vault sentinels
  A water nymph (shapeshifter) (Depths:1)
  2 dire elephant skeletons
  A molten gargoyle (Volcano)
  18 guardian serpents
  2 gargoyles
  A storm dragon simulacrum (Coc:7)
  5 water nymphs (Zig:8)
  40 naga magi
  4 titan simulacra
  An eye of devastation (shapeshifter) (Abyss:1)
  A spiny frog (shapeshifter) (Abyss:1)
  12 hellions
  16 spiny frogs
  22 efreet
  A catoblepas skeleton (Tar:7)
  8 centaur skeletons
  A yaktaur zombie (Depths:1)
  6 kobold demonologists
  51 yaktaurs
  2 spriggan zombies
  35 freezing wraiths
  8 anaconda simulacra
  3 rime drakes
  21 tormentors
  A rime drake (shapeshifter) (Abyss:1)
  8 komodo dragons
  A komodo dragon (shapeshifter) (Vaults:1)
  3 tengu conjurers
  20 demonic crawlers
  A harpy zombie (Abyss:1)
  11 merfolk
  80 ancient zymes
  5 silent spectres
  A yaktaur skeleton (Vaults:4)
  16 hydra zombies
  36 hellwings
  14 trolls
  3 meliai (D:13)
  25 ice devils
  28 red devils
  2 queen bees
  2 jumping spiders
  A jumping spider (shapeshifter) (Vaults:1)
  Grinder (D:3)
  2 polar bears
  14 wind drakes
  2 trolls (shapeshifter)
  5 queen bees (shapeshifter)
  A harpy skeleton (Abyss:1)
  2 tyrant leeches
  2 snapping turtles
  11 hornets
  5 hydra skeletons
  140 raiju
  72 slime creatures
  26 blink frogs
  5 ettin zombies
  2 fire dragon zombies
  A frost giant simulacrum (Abyss:3)
  8 bog bodies
  A raiju (shapeshifter) (Abyss:1)
  A fire giant simulacrum (Vaults:2)
  9 hippogriffs
  7 alligator zombies
  84 flying skulls
  11 air elementals
  2 dire elephant simulacra
  13 redbacks
  2 alligator skeletons
  A spriggan (shapeshifter) (Abyss:1)
  Sigmund (D:4)
  A black mamba zombie (Hell)
  12 vampires
  6 ettin skeletons
  3 ice dragon skeletons
  19 shadows
  282 starcursed masses
  4 fire dragon skeletons
  3 tarantellas (Vaults:4)
  21 wraiths
  82 ynoxinuls
  53 yaks
  A tarantella (shapeshifter) (Abyss:1)
  A black mamba skeleton (Abyss:1)
  28 fire elementals
  34 fire bats
  3 wyverns
  12 water elementals
  A yak (shapeshifter) (Abyss:1)
  44 chaos spawn
  60 neqoxecs
  3 steam dragons
  11 hungry ghosts
  44 golden eyes
  A basilisk (D:10)
  16 spatial vortices
  14 vampire mosquitoes
  3 two-headed ogre zombies (WizLab)
  16 wargs
  A warg (shapeshifter) (Vaults:5)
  3 acid dragons
  67 nagas
  31 insubstantial wisps
  A soldier ant (D:10)
  A naga (shapeshifter) (Abyss:1)
  11 water moccasins
  17 swamp worms
  7 hydra simulacra
  4 spiny frog zombies
  3 merfolk skeletons
  2 human skeletons
  7 porcupines
  A floating eye (shapeshifter) (Vaults:4)
  2 floating eyes
  23 hell hounds
  6 sky beasts
  17 swamp drakes
  17 ice beasts
  2 black bears
  32 orc warriors
  An ettin simulacrum (IceCv)
  18 eyes of draining
  44 ogres
  3 spiny frog skeletons
  14 necrophages
  4 snapping turtle skeletons
  10 wolves
  28 boggarts
  2 manticore zombies
  6 phantoms
  A tengu (shapeshifter) (Abyss:1)
  8 centaurs
  An elf skeleton (Vaults:4)
  2 manticore skeletons
  A swamp dragon skeleton (Abyss:3)
  19 crocodiles
  A big kobold (D:11)
  A big kobold (shapeshifter) (Vaults:1)
  21 bullfrogs
  7 earth elementals
  A glowing shapeshifter simulacrum (Vaults:2)
  3 spiny frog simulacra
  A wyvern skeleton (D:11)
  10 scorpions
  12 troll zombies
  A snapping turtle simulacrum (Coc:7)
  An orc simulacrum (Vaults:1)
  44 killer bees
  44 wights
  An electric eel (Snake:1)
  3 howler monkeys
  5 jellies
  2 troll skeletons
  31 crimson imps
  4 centaur zombies
  7 lava snakes (Volcano)
  A bullfrog zombie (D:12)
  7 hounds
  47 quasits
  A bullfrog skeleton (D:5)
  12 orc priests
  2 human zombies
  43 orc wizards
  39 iron imps
  4 iguanas
  3 yak simulacra (Lair:4)
  4 hell rats (Hell)
  A shapeshifter simulacrum (Depths:1)
  A lightning spire (Zig:10)
  10 worker ants
  4 polar bear simulacra (Lair:4)
  2 wolf simulacra (Lair:4)
  A big kobold zombie (Ossuary)
  5 ogre zombies (WizLab)
  A human simulacrum (Abyss:1)
  A naga skeleton (Abyss:3)
  4 mummies
  A howler monkey skeleton (D:11)
  A worker ant zombie (D:9)
  11 gnolls
  An ogre simulacrum (Abyss:1)
  3 scorpion zombies (Ossuary)
  18 adders
  17 shadow imps
  52 white imps
  37 ufetubi
  An ooze (D:3)
  An adder zombie (D:6)
  An adder skeleton (D:4)
  2 worms
  6 ball lightnings (Pan)
  2 dart slugs
  2 leopard geckos
  95 orcs
  3 ball pythons
  3 giant cockroaches
  5 gnoll zombies (Ossuary)
  A hobgoblin (shapeshifter) (Vaults:5)
  5 hobgoblins
  7 jackals (D:1)
  14 kobolds
  5 quokkas
  5 bats
  3 frilled lizards
  8 goblins
  3 goblin zombies
  A hobgoblin zombie (Ossuary)
  A kobold skeleton (Tar:7)
  A kobold zombie (Ossuary)
  An orc skeleton (Tar:2)
  5 orc zombies (Ossuary)
  A quokka zombie (D:5)
  9 rats
  A rat zombie (D:8)
  2 river rat simulacra (Lair:4)
  5 briar patches
  3 crawling corpses (Vaults:5)
  4 fire vortices (Pan)
  5 lurking horrors
  4 plants
  98 starspawn tentacles
  4 tentacles (Abyss:1)
6253 creatures vanquished.

Vanquished Creatures (collateral kills)
  Ereshkigal (Tar:7)
  A caustic shrike (Depths:5)
  4 acid blobs (Slime:5)
  3 titans (Vaults:5)
  An Executioner (Pan)
  A vault warden (Vaults:5)
  A yellow draconian (Zot:2)
  A black draconian (Zot:1)
  An eidolon (Tar:7)
  A quicksilver dragon zombie (Coc:7)
  3 jiangshi (Tar:6)
  A deep elf high priest (Vaults:5)
  A great orb of eyes (Slime:5)
  3 hydras (Swamp:4)
  2 swamp dragons (Swamp:4)
  2 deep trolls (Vaults:5)
  An ironbrand convoker (Vaults:5)
  A phantasmal warrior (Vaults:5)
  A shining eye (Slime:5)
  A bog body (Swamp:4)
  A slime creature (Slime:5)
  A redback (Vaults:5)
  A chaos spawn (Pan)
  A naga (Snake:4)
  A hydra simulacrum (Coc:7)
  An orc priest (D:4)
  An adder (D:6)
38 creatures vanquished.

Vanquished Creatures (others)
  Vashnia (Snake:4)
  A pandemonium lord (Pan)
  A tentacled monstrosity (Pan)
  A lich (Abyss:1)
  2 deep elf master archers (Elf:3)
  An eldritch tentacle (Tar:1)
  2 shadow dragons (Vaults:5)
  2 nagarajas (Snake:4)
  A vault warden (Vaults:1)
  A draconian knight (Zot:2)
  A draconian scorcher (Zot:2)
  A war gargoyle (Vaults:5)
  A stone giant (Vaults:4)
  An elemental wellspring (Coc:7)
  A red draconian (Zot:1)
  A black draconian (Zot:1)
  A green death (Pan)
  A vault guard (D:13)
  A naga warrior (Snake:4)
  2 hydras (Swamp:4)
  A spriggan air mage (Depths:5)
  2 centaur warriors
  A tengu warrior (Depths:3)
  4 naga sharpshooters
  A sun demon (Hell)
  4 deep elf knights
  A sixfirhy (Pan)
  A deep troll (Vaults:5)
  2 deep elf archers
  A wizard (Pan)
  A deep elf mage (Elf:1)
  A necromancer (Depths:1)
  A salamander (Snake:2)
  A cyclops (Vaults:1)
  2 naga magi
  A vault sentinel (Vaults:3)
  An orange demon (Pan)
  An apocalypse crab (Abyss:1)
  An efreet (Volcano)
  2 rime drakes
  21 yaktaurs
  A wind drake (Pan)
  A tyrant leech (Swamp:2)
  A bog body (Swamp:4)
  A raiju (Abyss:1)
  A blink frog (Abyss:1)
  A slime creature (D:13)
  A ynoxinul (Pan)
  A fire elemental (Hell)
  4 yaks (Lair:6)
  2 golden eyes (Abyss:3)
  A steam dragon (Zig:11)
  A chaos spawn (Abyss:1)
  A neqoxec (Abyss:3)
  A spatial vortex (Abyss:1)
  An acid dragon (Zig:11)
  An insubstantial wisp (Zig:16)
  2 large abominations
  9 small abominations
  2 nagas
  2 spiny frog zombies
  A boggart (Vaults:2)
  A necrophage (Tar:7)
  2 earth elementals (Volcano)
  2 quasits (Abyss:1)
  A jelly (Abyss:3)
  A worker ant (D:13)
  2 orc wizards
  3 white imps (Abyss:1)
  25 ball lightnings (Pan)
  5 orcs
  A kobold (D:11)
  5 briar patches
  10 bushes (Abyss:1)
  A demonic plant (Abyss:1)
  18 fungi
  8 lurking horrors
  33 plants
  146 starspawn tentacles
  17 tentacles
392 creatures vanquished.

Grand Total: 6683 creatures vanquished

Notes
Turn   | Place    | Note
-------+----------+-------------------------------------------
     0 | D:1      | Marsh the Deep Dwarf Artificer began the quest for the Orb.
     0 | D:1      | Reached XP level 1. HP: 16/16 MP: 3/3
   209 | D:1      | Reached XP level 2. HP: 19/24 MP: 5/5
   281 | D:1      | Reached skill level 1 in Armour
   366 | D:1      | Reached XP level 3. HP: 14/30 MP: 6/6
   473 | D:1      | Reached skill level 1 in Fighting
  1688 | D:3      | Reached XP level 4. HP: 25/38 MP: 7/7
  1780 | D:3      | Noticed a bullfrog
  1789 | D:3      | Killed a bullfrog
  1789 | D:3      | Reached skill level 1 in Maces & Flails
  1843 | D:3      | Noticed Grinder
  1865 | D:3      | Reached XP level 5. HP: 16/44 MP: 8/8
  2398 | D:4      | Noticed Sigmund
  2570 | D:4      | Reached skill level 5 in Evocations
  2755 | D:4      | Reached XP level 6. HP: 19/52 MP: 8/8
  2907 | D:4      | Killed Sigmund
  3827 | D:3      | Paralysed by Grinder for 7 turns
  3863 | D:3      | Paralysed by Grinder for 2 turns
  3867 | D:3      | Killed Grinder
  3867 | D:3      | Reached skill level 1 in Axes
  3867 | D:3      | Reached skill level 5 in Armour
  3867 | D:3      | Reached XP level 7. HP: 10/60 MP: 7/7
  3902 | D:5      | Entered Level 5 of the Dungeon
  4369 | D:5      | Found a white marble altar of Elyvilon.
  4383 | D:5      | Became a worshipper of Elyvilon the Healer
  4397 | D:5      | Found Sach's Antique Weapon Boutique.
  4487 | D:5      | Found a staircase to the Ecumenical Temple.
  4593 | D:5      | Reached skill level 1 in Invocations
  4878 | D:6      | Reached XP level 8. HP: 25/68 MP: 7/7
  5262 | D:6      | Reached skill level 1 in Shields
  5262 | D:6      | Reached skill level 5 in Invocations
  5317 | D:6      | Found an iron altar of Okawaru.
  5414 | D:6      | Reached * piety under Elyvilon
  5740 | D:6      | Found a deep blue altar of Sif Muna.
  5820 | D:6      | Identified Sif Muna's Catalogue of the Oath
  6139 | D:7      | Gained mutation: You passively map the area around you. [Deep Dwarf growth]
  6139 | D:7      | Reached XP level 9. HP: 36/74 MP: 9/9
  6223 | D:7      | Got a slimy robe
  6234 | D:7      | Identified the +2 robe of a bailey {+Inv} (You found it on level 7 of the Dungeon)
  6422 | D:8      | Reached ** piety under Elyvilon
  6470 | D:8      | Found Duesim's Food Emporium.
  6478 | D:8      | Got a translucent chain mail
  6493 | D:8      | Identified the cursed +0 chain mail "Xaurghoc" {rPois Int+3} (You found it on level 8 of the Dungeon)
  6574 | D:8      | Reached skill level 5 in Shields
  6609 | D:8      | Found a sand-covered staircase.
  6652 | Ossuary  | Entered an ossuary
  7196 | D:8      | Noticed GoshHeckie's ghost (novice GrEE)
  7343 | D:8      | You fall through a shaft!
  7491 | D:9      | Got a pitted mace
  7492 | D:9      | Identified the cursed +1 mace of Anger {flame, +Fly rF- MR- Str+8} (You found it on level 9 of the Dungeon)
  7936 | D:9      | Reached skill level 10 in Invocations
  7951 | D:9      | Learned a level 2 spell: Blink
  8158 | D:9      | Reached skill level 5 in Dodging
  8479 | D:8      | Reached *** piety under Elyvilon
  8495 | D:8      | Reached XP level 10. HP: 36/84 MP: 12/12
  8824 | D:8      | Killed GoshHeckie's ghost
  9213 | D:10     | Entered Level 10 of the Dungeon
  9521 | D:10     | Found a staircase to the Lair.
  9521 | D:10     | Noticed an elephant
  9703 | D:10     | Noticed a two-headed ogre
  9729 | D:10     | Killed an elephant
  9792 | D:10     | Killed a two-headed ogre
  9899 | D:10     | Noticed EndlessMike's ghost (novice BaWn)
  9929 | D:10     | Killed EndlessMike's ghost
  9929 | D:10     | Reached XP level 11. HP: 88/92 MP: 14/14
 10356 | D:10     | Reached skill level 5 in Fighting
 10895 | D:11     | Found Evihaci's Jewellery Shop.
 10908 | D:11     | Noticed a white ugly thing
 11016 | D:10     | Killed a green ugly thing
 11274 | D:11     | Noticed a two-headed ogre
 11285 | D:11     | Killed a two-headed ogre
 11285 | D:11     | Reached skill level 10 in Shields
 11618 | D:11     | Bought the ring "Tisiadgh" {+Inv rPois rF+ Stlth-} for 359 gold pieces
 11780 | D:11     | Found a staircase to the Orcish Mines.
 11829 | D:11     | Learned a level 3 spell: Conjure Flame
 11834 | D:11     | Learned a level 4 spell: Summon Lightning Spire
 11880 | D:11     | Reached skill level 1 in Translocations
 12287 | Lair:1   | Entered Level 1 of the Lair of Beasts
 12403 | Lair:1   | Found a dark tunnel.
 12410 | Volcano  | Entered a volcano
 12602 | Volcano  | Reached **** piety under Elyvilon
 12931 | Volcano  | Found a burning altar of Makhleb.
 12964 | Volcano  | Noticed a stone giant
 12984 | Volcano  | Killed a stone giant
 12984 | Volcano  | Reached XP level 12. HP: 36/104 MP: 13/16
 14646 | Lair:2   | Reached ***** piety under Elyvilon
 15228 | Lair:3   | Found a staircase to the Snake Pit.
 15302 | Lair:3   | Reached skill level 10 in Evocations
 15445 | Lair:3   | Reached XP level 13. HP: 109/114 MP: 18/18
 16822 | Lair:4   | Found a staircase to the Swamp.
 17380 | Lair:4   | Got a heavily runed leather armour
 17398 | Lair:4   | Identified the +1 leather armour of Zuonumet {Str+2 Int+3 Dex+3} (You found it on level 4 of the Lair of Beasts)
 17917 | Lair:5   | Reached skill level 5 in Translocations
 18419 | Lair:5   | Found a staircase to the Slime Pits.
 18677 | Lair:5   | You fall through a shaft!
 18677 | Lair:6   | Entered Level 6 of the Lair of Beasts
 19253 | Lair:6   | Got a polished falchion
 19254 | Lair:6   | Identified the cursed +2 falchion of Impermanence {protect, rPois Dex+2} (You found it on level 6 of the Lair of Beasts)
 19269 | Lair:6   | Reached skill level 5 in Axes
 19425 | Lair:6   | Gained mutation: You resist negative energy. (rN+) [Deep Dwarf growth]
 19425 | Lair:6   | Reached XP level 14. HP: 102/123 MP: 19/19
 20342 | Lair:6   | Reached skill level 10 in Armour
 20730 | Orc:1    | Entered Level 1 of the Orcish Mines
 21149 | Orc:2    | Entered Level 2 of the Orcish Mines
 21792 | Orc:2    | Found an ancient bone altar of Kikubaaqudgha.
 21849 | Orc:2    | Found Fuaqisug's Book Boutique.
 21885 | Orc:2    | Noticed Erolcha
 21896 | Orc:2    | Killed Erolcha
 21915 | Orc:2    | Found a radiant altar of Vehumet.
 22033 | Orc:2    | Found a roughly hewn altar of Beogh.
 22033 | Orc:2    | Found Menop's Antique Weapon Shop.
 22212 | Orc:2    | Found Widial's Antique Weapon Boutique.
 22245 | Orc:2    | Found Ydots's Distillery.
 22256 | Orc:2    | Bought a potion of might for 44 gold pieces
 22265 | Orc:2    | Bought a jewelled hand axe for 208 gold pieces
 22265 | Orc:2    | Identified the +7 hand axe "Pyicaugh" {elec, rF++ Int+3} (You bought it in a shop on level 2 of the Orcish Mines)
 22479 | Orc:2    | Found a staircase to the Elven Halls.
 22783 | Elf:1    | Entered Level 1 of the Elven Halls
 22846 | Elf:1    | Found a radiant altar of Vehumet.
 23195 | D:12     | Noticed Nessos
 23205 | D:12     | Killed Nessos
 23979 | D:13     | Found a gate to the Vaults.
 23997 | D:13     | Reached XP level 15. HP: 98/132 MP: 18/21
 23997 | D:13     | Reached skill level 10 in Dodging
 24861 | D:14     | Reached skill level 15 in Invocations
 25604 | D:15     | Entered Level 15 of the Dungeon
 25715 | D:15     | Found Lust's Antique Weapon Shoppe.
 26082 | D:15     | Found a staircase to the Depths.
 26268 | D:15     | Upgraded the game from 0.21.0-3-g78d12a8 to 0.21.0-22-g11d5b52
 26536 | Snake:1  | Entered Level 1 of the Snake Pit
 26556 | Lair:3   | Elyvilon protects you from harm!
 26771 | Snake:1  | Found Curah's Food Emporium.
 27638 | Snake:2  | Reached XP level 16. HP: 133/142 MP: 22/22
 27870 | Snake:2  | Reached skill level 10 in Axes
 27871 | Snake:2  | Reached skill level 15 in Shields
 27893 | Snake:2  | Reached skill level 1 in Spellcasting
 27991 | Snake:2  | Learned a level 6 spell: Iron Shot
 28018 | Snake:2  | Reached skill level 1 in Earth Magic
 28462 | Snake:3  | Found a transporter.
 28474 | Snake:3  | Found a deep blue altar of Sif Muna.
 28573 | Snake:3  | Got a transparent marble ring
 28586 | Snake:3  | Identified the ring "Xegguot" {rCorr rElec rPois MR++ Dex-4} (You took it off a naga mage on level 3 of the Snake Pit)
 28657 | Snake:3  | Found a transporter.
 28831 | Snake:3  | Got an ichor-stained hat
 28842 | Snake:3  | Identified the cursed -3 hat of Sucsu {rF+ rC+} (You found it on level 3 of the Snake Pit)
 28865 | Snake:3  | Learned a level 5 spell: Lee's Rapid Deconstruction
 28956 | Snake:3  | Found Quinan's Jewellery Shop.
 28969 | Snake:3  | Found Jutrog's Gadget Shoppe.
 28970 | Snake:3  | Found Foyl Ora's Jewellery Shop.
 29622 | Snake:4  | Entered Level 4 of the Snake Pit
 30366 | Snake:4  | Reached XP level 17. HP: 80/151 MP: 24/24
 30686 | Snake:4  | Noticed Bai Suzhen
 30782 | Snake:3  | Killed Bai Suzhen
 30782 | Snake:3  | Reached skill level 15 in Armour
 31017 | Snake:4  | Found a deep blue altar of Sif Muna.
 31094 | Snake:4  | Noticed Vashnia
 31118 | Snake:4  | Killed Vashnia
 31308 | Snake:4  | Reached skill level 5 in Earth Magic
 31934 | Snake:4  | Gained mutation: You passively map a large area around you. [Deep Dwarf growth]
 31934 | Snake:4  | Reached XP level 18. HP: 120/160 MP: 25/25
 32056 | Snake:4  | Reached skill level 10 in Fighting
 32088 | Snake:4  | Got a serpentine rune of Zot
 32684 | Swamp:1  | Entered Level 1 of the Swamp
 33173 | Swamp:1  | Gained mutation: Your mind is acute. (Int +2) [potion of mutation]
 33173 | Swamp:1  | Gained mutation: You have a pair of small horns on your head. [potion of mutation]
 33173 | Swamp:1  | Gained mutation: Your system is resistant to poisons. (rPois) [potion of mutation]
 33173 | Swamp:1  | Gained mutation: You can translocate small distances at will. [potion of mutation]
 33643 | D:11     | Lost mutation: You have a pair of small horns on your head. [potion of mutation]
 33643 | D:11     | Lost mutation: Your mind is acute. (Int +2) [potion of mutation]
 33643 | D:11     | Lost mutation: You can translocate small distances at will. [potion of mutation]
 33643 | D:11     | Gained mutation: You expend magic power (3 MP) to strengthen your wands. [potion of mutation]
 33643 | D:11     | Gained mutation: You have a somewhat thin skeletal structure. (Dex +2, Stealth) [potion of mutation]
 33862 | Swamp:2  | Reached skill level 1 in Conjurations
 34708 | Swamp:3  | Found a frozen archway.
 34727 | IceCv    | Entered an ice cave
 35061 | IceCv    | Found the +7 Singing Sword
 35895 | Swamp:4  | Entered Level 4 of the Swamp
 36653 | Swamp:4  | Reached XP level 19. HP: 96/170 MP: 11/26
 36862 | Swamp:4  | Got a decaying rune of Zot
 37062 | Swamp:4  | Reached skill level 5 in Spellcasting
 37135 | Swamp:4  | Got a slimy hunting sling
 37136 | Swamp:4  | Identified the cursed +0 hunting sling of the Hall of Blades {freeze, Dex+3} (You found it on level 4 of the Swamp)
 37454 | D:11     | Upgraded the game from 0.21.0-22-g11d5b52 to 0.21.0-24-g2553a33
 38327 | Elf:1    | Identified the Collected Works on Supportive Combat Magic
 38765 | Elf:1    | Found Miumaze's Weapon Boutique.
 39109 | Elf:2    | Noticed a Tzitzimitl
 39164 | Elf:2    | Got a faintly humming leather armour
 39175 | Elf:2    | Identified the +2 leather armour "Onuq Hop" {rN+} (You found it on level 2 of the Elven Halls)
 39616 | Elf:2    | Found a huge runed gate.
 39616 | Elf:2    | Found a huge runed gate.
 39616 | Elf:2    | Found a huge runed gate.
 39630 | Elf:2    | Found a huge runed gate.
 39639 | Elf:2    | Found a huge runed gate.
 39809 | Elf:2    | Noticed Asterion
 39835 | Elf:2    | Killed Asterion
 40855 | Elf:3    | Entered Level 3 of the Elven Halls
 40882 | Elf:3    | Found Guwnuj's Book Emporium.
 41289 | Elf:3    | Reached skill level 15 in Evocations
 41674 | Elf:3    | Reached XP level 20. HP: 138/180 MP: 26/26
 41740 | Elf:3    | Reached skill level 10 in Earth Magic
 41850 | Elf:3    | Identified a scroll of acquirement
 41852 | Elf:3    | Reached XP level 21. HP: 178/187 MP: 23/27
 41950 | Elf:3    | Got a scorched granite ring
 42046 | Elf:3    | Got a glittering bronze ring
 42076 | Elf:3    | Identified the ring "Badwif" {rC+ Int-4 Dex+3 Slay+2 Stlth+} (You took it off a deep elf sorcerer on level 3 of the Elven Halls)
 42078 | Elf:3    | Identified the ring of Uxukuruq {*Drain +Inv rElec Int+4 Dex-5} (You took it off a deep elf high priest on level 3 of the Elven Halls)
 42119 | Elf:3    | Reached skill level 5 in Conjurations
 42119 | Elf:3    | Reached skill level 1 in Summonings
 42177 | Elf:3    | Got a clouded pewter amulet
 42185 | Elf:3    | Identified the amulet of Iphemp {Spirit Stlth+} (You took it off a deep elf mage on level 3 of the Elven Halls)
 42234 | Elf:3    | Got a sparkling turquoise ring
 42245 | Elf:3    | Identified the ring of Xom's Amusement {rN+ Int+5 Dex+2} (You took it off a deep elf annihilator on level 3 of the Elven Halls)
 42367 | Elf:3    | Identified the Grimoire of the Gliding Volcanoes
 42379 | Elf:3    | Learned a level 4 spell: Passage of Golubria
 42393 | Elf:3    | Learned a level 3 spell: Lesser Beckoning
 42396 | Elf:3    | Learned a level 1 spell: Summon Butterflies
 42431 | Elf:3    | Identified Roxanne's Collected Works on Mutagenic Clay
 42532 | Elf:3    | Identified the Grimoire of the Lucky Blaze
 42545 | Elf:3    | Got smoking gold dragon scales
 42551 | Elf:3    | Identified the +11 gold dragon scales of the Gravedigger {-Cast rPois rF+ rC+ rN+++ Regen+ Slay+3} (You found it on level 3 of the Elven Halls)
 43065 | Vaults:1 | Entered Level 1 of the Vaults
 43853 | Vaults:1 | Found a sparkling altar of Nemelex Xobeh.
 45098 | Vaults:2 | Found a staircase to the Crypt.
 45176 | Vaults:2 | Reached XP level 22. HP: 179/196 MP: 29/29
 46511 | Vaults:3 | Noticed Aizul
 46539 | Vaults:3 | Killed Aizul
 49128 | Vaults:4 | Reached XP level 23. HP: 200/206 MP: 30/30
 49429 | Vaults:4 | Got a smoking helmet
 49440 | Vaults:4 | Identified the cursed -2 helmet "Ynoruipp" {rN+ Regen+ Dex+4} (You found it on level 4 of the Vaults)
 50320 | Vaults:5 | Entered Level 5 of the Vaults
 50654 | Vaults:4 | Reached skill level 15 in Dodging
 51079 | Vaults:5 | Got a silver rune of Zot
 51118 | Vaults:5 | Reached XP level 24. HP: 141/216 MP: 30/30
 51203 | Vaults:5 | Got a jewelled plate armour
 51204 | Vaults:5 | Identified the +4 plate armour of Teiqir {Int+4} (You took it off a deep elf high priest on level 5 of the Vaults)
 51486 | Vaults:5 | Got a smoking pewter ring
 51517 | Vaults:5 | Identified the ring of Darkness {MR++ Int+3 SInv} (You took it off a vault sentinel on level 5 of the Vaults)
 51531 | Vaults:5 | Got a crystal broad axe {drain}
 51534 | Vaults:5 | Identified the +4 broad axe of Cruel Justice {drain, *Rage rC+ Int+3} (You took it off a tengu reaver on level 5 of the Vaults)
 51664 | Vaults:5 | Found the +6 shillelagh "Devastator" {shatter}
 51667 | Vaults:5 | Noticed an ancient lich
 51695 | Vaults:5 | Killed an ancient lich
 52277 | Vaults:5 | Reached skill level 15 in Axes
 52943 | D:11     | Got a translucent scale mail
 52954 | D:11     | Identified the +1 scale mail "Baypn" {rPois} (You acquired it on level 11 of the Dungeon)
 53175 | Slime:1  | Entered Level 1 of the Pits of Slime
 53186 | Slime:1  | Gained mutation: [You are frail. (-10% HP)] [a shining eye]
 53202 | Slime:1  | Gained mutation: [Potions are less effective at restoring your health.] [a shining eye]
 53240 | Slime:1  | Gained mutation: [Scrolls take you a little longer to read.] [a shining eye]
 53621 | Slime:2  | Gained mutation: You are occasionally teleported next to monsters. [a shining eye]
 53647 | Slime:2  | Gained mutation: [You are very frail. (-20% HP)] [a shining eye]
 53651 | Slime:2  | Gained mutation: [You are weak. (Str -2)] [a shining eye]
 53662 | Slime:2  | Gained mutation: You tend to lose your temper in combat. [a shining eye]
 54624 | Slime:5  | Entered Level 5 of the Pits of Slime
 54682 | Slime:5  | Noticed the Royal Jelly
 54773 | Slime:5  | Killed the Royal Jelly
 54795 | Slime:5  | Gained mutation: You occasionally shout uncontrollably at your foes. [a shining eye]
 54806 | Slime:5  | Gained mutation: Your spells are a little easier to cast, but a little less powerful. [a shining eye]
 54809 | Slime:5  | Gained mutation: You sometimes yell uncontrollably at your foes. [a shining eye]
 55054 | Slime:5  | Reached XP level 25. HP: 153/178 MP: 31/31
 55071 | Slime:5  | Found the +8 demon blade "Bloodbane" {slice, *Rage +Rage Stlth-}
 55086 | Slime:5  | Got a pitted lead ring
 55131 | Slime:5  | Got a bloodstained mace
 55159 | Slime:5  | Got a shimmering copper amulet
 55162 | Slime:5  | Identified the amulet of Eharemoh {Spirit rF+ Str+3 Int-5 Dex+2} (You found it on level 5 of the Pits of Slime)
 55173 | Slime:5  | Got a slimy rune of Zot
 55268 | Slime:5  | Got an encrusted battleaxe
 55283 | Slime:5  | Got a twisted helmet
 55294 | Slime:5  | Identified the +1 helmet of the Sailor {+Blink +Fly rElec} (You found it on level 5 of the Pits of Slime)
 55303 | Slime:5  | Identified the cursed +2 battleaxe "Demonbane" {chop, rElec rPois} (You found it on level 5 of the Pits of Slime)
 55330 | Slime:5  | Identified the +6 mace "Anifiac" {crush, Str+6 Dex+6} (You found it on level 5 of the Pits of Slime)
 55630 | Slime:5  | Identified the ring of Suspected Treachery {rF+ Int-3 Dex+8 Slay+5 SInv} (You found it on level 5 of the Pits of Slime)
 55894 | Slime:3  | Gained mutation: [You are extremely frail. (-30% HP)] [a shining eye]
 56214 | D:11     | Lost mutation: [You are weak. (Str -2)] [potion of mutation]
 56214 | D:11     | Lost mutation: You tend to lose your temper in combat. [potion of mutation]
 56214 | D:11     | Gained mutation: You can translocate small distances at will. [potion of mutation]
 56215 | D:11     | Lost mutation: You can translocate small distances at will. [potion of mutation]
 56215 | D:11     | Lost mutation: Your system is resistant to poisons. (rPois) [potion of mutation]
 56215 | D:11     | Lost mutation: You sometimes yell uncontrollably at your foes. [potion of mutation]
 56215 | D:11     | Gained mutation: Your magical capacity is low. (-10% MP) [potion of mutation]
 56215 | D:11     | Gained mutation: You are surrounded by a mild repulsion field. (EV +2) [potion of mutation]
 56215 | D:11     | Lost mutation: Your magical capacity is low. (-10% MP) [potion of mutation]
 56215 | D:11     | Gained mutation: You are surrounded by a moderate repulsion field. (EV +3) [potion of mutation]
 56381 | Depths:1 | Entered Level 1 of the Depths
 56666 | Depths:1 | Identified the +3 leather armour "Yptajaov" {+Inv rPois rC- Slay+6} (You found it on level 1 of the Depths)
 56952 | Depths:1 | Found a gateway to Hell.
 57203 | Depths:1 | Found a one-way gate leading to the halls of Pandemonium.
 57667 | Depths:1 | Found Ilyrrunu's Antique Weapon Shop.
 58325 | Depths:2 | Noticed Sojobo
 58366 | Depths:1 | Killed Sojobo
 58452 | Depths:2 | Got a smoking helmet
 58463 | Depths:2 | Identified the +2 helmet "Osaguiss" {rF+ Int+4 Slay+6} (You acquired it on level 2 of the Depths)
 58876 | Depths:2 | Found a shattered altar of Ashenzari.
 58963 | Depths:2 | Identified the Incunabulum of the Blaze
 60013 | Depths:3 | Paralysed by a floating eye for 3 turns
 60238 | Depths:3 | Noticed Jorgrun
 60256 | Depths:3 | Killed Jorgrun
 61170 | Depths:4 | Reached XP level 26. HP: 111/165 MP: 20/31
 61349 | Depths:4 | Found a one-way gate to the infinite horrors of the Abyss.
 61432 | Depths:4 | Voluntarily entered the Abyss.
 61434 | Abyss:1  | Found a corrupted altar of Lugonu.
 61473 | Abyss:1  | Found a corrupted altar of Lugonu.
 61479 | Abyss:1  | Found a corrupted altar of Lugonu.
 62095 | Abyss:2  | Lost mutation: [You are extremely frail. (-30% HP)] [a cacodemon]
 62097 | Abyss:2  | Gained mutation: You are clumsy. (Dex -2) [a cacodemon]
 62359 | Abyss:2  | Found an ancient bone altar of Kikubaaqudgha.
 62491 | Abyss:3  | Found a hide-covered altar of Uskayaw.
 62659 | Abyss:3  | Found an iron altar of Okawaru.
 63586 | Abyss:3  | Gained mutation: Your magical capacity is low. (-10% MP) [a neqoxec]
 63780 | Abyss:3  | Gained mutation: [Your body sometimes deteriorates upon taking damage.] [a neqoxec]
 63817 | Abyss:3  | Reached skill level 15 in Fighting
 63817 | Abyss:3  | Reached XP level 27. HP: 137/198 MP: 14/28
 64603 | Abyss:3  | Got an abyssal rune of Zot
 64901 | Depths:4 | Escaped the Abyss
 65460 | Depths:5 | Entered Level 5 of the Depths
 65554 | Depths:5 | Found a gateway to a ziggurat.
 65609 | Depths:5 | Found a magical portal.
 65621 | WizLab   | Entered Zonguldrok's Shrine
 65882 | WizLab   | Noticed an antique lich
 65896 | WizLab   | Killed an antique lich
 65955 | WizLab   | Found the +9 sword of Zonguldrok {reap}
 67092 | Depths:5 | Found a shattered altar of Ashenzari.
 67370 | Depths:5 | Found a gate to the Realm of Zot.
 67628 | Zot:1    | Entered Level 1 of the Realm of Zot
 68330 | D:15     | Upgraded the game from 0.21.0-24-g2553a33 to 0.21.1-1-g345015f
 68413 | Depths:4 | Voluntarily entered the Abyss.
 68545 | Abyss:1  | Gained mutation: You are sometimes teleported next to monsters. [a shining eye]
 68919 | Abyss:1  | Gained mutation: [You are weak. (Str -2)] [a cacodemon]
 69169 | Abyss:1  | Found a corrupted altar of Lugonu.
 69687 | Abyss:1  | Reached ****** piety under Elyvilon
 69694 | Abyss:1  | Noticed an ancient lich
 69719 | Abyss:1  | Killed an ancient lich
 70189 | Abyss:1  | Identified the +2 leather armour "Utzickei" {rC++ MR++ Str-5} (You found it on level 1 of the Abyss)
 70212 | Depths:4 | Escaped the Abyss
 70214 | Depths:4 | Voluntarily entered the Abyss.
 70613 | Abyss:1  | Identified the ring of the Final Allies {Ice Slay+3} (You found it on level 1 of the Abyss)
 71027 | Abyss:1  | Found a hide-covered altar of Uskayaw.
 71111 | Abyss:1  | Gained mutation: Your magical capacity is very low. (-20% MP) [a neqoxec]
 71579 | Abyss:1  | Noticed an ancient lich
 71607 | Abyss:1  | Killed an ancient lich
 72423 | Abyss:1  | Found a roughly hewn altar of Beogh.
 72520 | Depths:4 | Escaped the Abyss
 72522 | Depths:4 | Voluntarily entered the Abyss.
 72554 | Abyss:1  | Found a bloodstained altar of Trog.
 72603 | Depths:4 | Escaped the Abyss
 72687 | D:15     | Lost mutation: You are surrounded by a moderate repulsion field. (EV +3) [potion of mutation]
 72687 | D:15     | Lost mutation: [Your body sometimes deteriorates upon taking damage.] [potion of mutation]
 72687 | D:15     | Lost mutation: [Potions are less effective at restoring your health.] [potion of mutation]
 72687 | D:15     | Gained mutation: Your system is resistant to poisons. (rPois) [potion of mutation]
 72688 | D:15     | Lost mutation: You have a somewhat thin skeletal structure. (Dex +2, Stealth) [potion of mutation]
 72688 | D:15     | Lost mutation: You expend magic power (3 MP) to strengthen your wands. [potion of mutation]
 72688 | D:15     | Lost mutation: You are sometimes teleported next to monsters. [potion of mutation]
 72688 | D:15     | Gained mutation: [Your body sometimes deteriorates upon taking damage.] [potion of mutation]
 72688 | D:15     | Gained mutation: You have a pair of small horns on your head. [potion of mutation]
 72689 | D:15     | Lost mutation: [Scrolls take you a little longer to read.] [potion of mutation]
 72689 | D:15     | Lost mutation: You occasionally shout uncontrollably at your foes. [potion of mutation]
 72689 | D:15     | Lost mutation: Your system is resistant to poisons. (rPois) [potion of mutation]
 72689 | D:15     | Gained mutation: Your movements are slightly less encumbered by armour. (ER -2) [potion of mutation]
 72772 | Depths:4 | Voluntarily entered the Abyss.
 72816 | Abyss:1  | Got a slimy chain mail
 73033 | Abyss:1  | Found a snail-covered altar of Cheibriados.
 73060 | Abyss:1  | Found a snail-covered altar of Cheibriados.
 73143 | Abyss:1  | Found a corrupted altar of Lugonu.
 73260 | Abyss:1  | Noticed an ancient lich
 73272 | Abyss:1  | Killed an ancient lich
 73416 | Abyss:1  | Lost mutation: [You are very frail. (-20% HP)] [potion of mutation]
 73416 | Abyss:1  | Lost mutation: You are clumsy. (Dex -2) [potion of mutation]
 73416 | Abyss:1  | Lost mutation: Your spells are a little easier to cast, but a little less powerful. [potion of mutation]
 73416 | Abyss:1  | Gained mutation: You are agile. (Dex +2) [potion of mutation]
 73913 | Abyss:1  | Gained mutation: Your system is resistant to poisons. (rPois) [a neqoxec]
 74353 | Depths:4 | Escaped the Abyss
 74364 | Depths:4 | Identified the +4 chain mail of Plasticity {+Fly rC- Int+8 Dex+2} (You found it on level 1 of the Abyss)
 74378 | Depths:4 | Voluntarily entered the Abyss.
 74650 | Abyss:1  | Paralysed by accursed screaming for 1 turns
 74992 | Depths:4 | Escaped the Abyss
 74994 | Depths:4 | Voluntarily entered the Abyss.
 75076 | Abyss:1  | Found a burning altar of Makhleb.
 75103 | Abyss:1  | Found a corrupted altar of Lugonu.
 75196 | Abyss:1  | Lost mutation: You are agile. (Dex +2) [potion of mutation]
 75196 | Abyss:1  | Lost mutation: [You are weak. (Str -2)] [potion of mutation]
 75196 | Abyss:1  | Lost mutation: [You are frail. (-10% HP)] [potion of mutation]
 75196 | Abyss:1  | Lost mutation: [Your body sometimes deteriorates upon taking damage.] [potion of mutation]
 75196 | Abyss:1  | Gained mutation: [Scrolls take you a little longer to read.] [potion of mutation]
 75196 | Abyss:1  | Gained mutation: You tend to lose your temper in combat. [potion of mutation]
 75196 | Abyss:1  | Gained mutation: You are partially covered in thin metallic scales. (AC +2) [potion of mutation]
 75215 | Depths:4 | Escaped the Abyss
 75217 | Depths:4 | Voluntarily entered the Abyss.
 75254 | Abyss:1  | Paralysed by accursed screaming for 1 turns
 75315 | Abyss:1  | Found a corrupted altar of Lugonu.
 75358 | Abyss:1  | Found a corrupted altar of Lugonu.
 76041 | Depths:4 | Escaped the Abyss
 76069 | Depths:4 | Voluntarily entered the Abyss.
 76174 | Abyss:1  | Identified the +2 ring mail of Somewhere Else {rCorr Str+8 SInv Stlth-} (You found it on level 1 of the Abyss)
 76321 | Abyss:1  | Found a corrupted altar of Lugonu.
 76867 | Depths:4 | Escaped the Abyss
 76873 | Depths:4 | Voluntarily entered the Abyss.
 76873 | Abyss:1  | Found a corrupted altar of Lugonu.
 77179 | Abyss:1  | Paralysed by accursed screaming for 1 turns
 77252 | Depths:4 | Escaped the Abyss
 77308 | Depths:4 | Voluntarily entered the Abyss.
 77326 | Abyss:1  | Identified the Grimoire of Twisted Poison
 77650 | Depths:4 | Escaped the Abyss
 77802 | Hell     | Entered the Vestibule of Hell
 77802 | Hell     | Noticed Geryon
 77852 | Hell     | Killed Geryon
 77995 | Hell     | Found a gateway to the ashen valley of Gehenna.
 78121 | Hell     | Found a gateway to the freezing wastes of Cocytus.
 78234 | Hell     | Found a gateway to the decaying netherworld of Tartarus.
 78466 | Hell     | Found a gateway to the Iron City of Dis.
 78949 | Depths:4 | Voluntarily entered the Abyss.
 78954 | Abyss:1  | Found a sacrificial altar of Ru.
 79040 | Abyss:1  | Got a dazzling hand crossbow
 79041 | Abyss:1  | Identified the +8 hand crossbow "Runned" {freeze, Str+6 Dex-5} (You found it on level 1 of the Abyss)
 79194 | Abyss:1  | Found a corrupted altar of Lugonu.
 79219 | Abyss:1  | Found a corrupted altar of Lugonu.
 79245 | Depths:4 | Escaped the Abyss
 79266 | Depths:4 | Voluntarily entered the Abyss.
 79441 | Abyss:1  | Found an ornate altar of the Wu Jian Council.
 79441 | Abyss:1  | Found an ancient bone altar of Kikubaaqudgha.
 79441 | Abyss:1  | Found a snail-covered altar of Cheibriados.
 79441 | Abyss:1  | Found a radiant altar of Vehumet.
 79441 | Abyss:1  | Found a hide-covered altar of Uskayaw.
 79441 | Abyss:1  | Found a glowing silver altar of Zin.
 79441 | Abyss:1  | Found a deep blue altar of Sif Muna.
 79441 | Abyss:1  | Found a sparkling altar of Nemelex Xobeh.
 79441 | Abyss:1  | Found an opulent altar of Gozag.
 79441 | Abyss:1  | Found a glowing golden altar of the Shining One.
 79442 | Abyss:1  | Gained mutation: [You are frail. (-10% HP)] [a neqoxec]
 79447 | Abyss:1  | Found a shimmering altar of Xom.
 79454 | Abyss:1  | Found a basalt altar of Yredelemnul.
 79454 | Abyss:1  | Found a white marble altar of Elyvilon.
 79454 | Abyss:1  | Found a bloodstained altar of Trog.
 79463 | Abyss:1  | Found a stormy altar of Qazlal.
 79463 | Abyss:1  | Found an iron altar of Okawaru.
 79463 | Abyss:1  | Found a shadowy altar of Dithmenos.
 79463 | Abyss:1  | Found a burning altar of Makhleb.
 79469 | Abyss:1  | Found a blossoming altar of Fedhas.
 79469 | Abyss:1  | Found a shattered altar of Ashenzari.
 79469 | Abyss:1  | Found an iron altar of Okawaru.
 79496 | Abyss:1  | Found a glowing silver altar of Zin.
 79496 | Abyss:1  | Found a glowing golden altar of the Shining One.
 79823 | Abyss:1  | Paralysed by accursed screaming for 1 turns
 80225 | Abyss:1  | Found a snail-covered altar of Cheibriados.
 80951 | Abyss:1  | Found a corrupted altar of Lugonu.
 81098 | Depths:4 | Escaped the Abyss
 81100 | Depths:4 | Voluntarily entered the Abyss.
 81883 | Abyss:1  | Gained mutation: You are resistant to hostile enchantments. (MR+) [a cacodemon]
 82430 | Abyss:1  | Gained mutation: Your spells are a little easier to cast, but a little less powerful. [a neqoxec]
 82537 | Depths:4 | Escaped the Abyss
 82539 | Depths:4 | Voluntarily entered the Abyss.
 82558 | Abyss:1  | Lost mutation: Your system is resistant to poisons. (rPois) [potion of mutation]
 82558 | Abyss:1  | Lost mutation: [You are frail. (-10% HP)] [potion of mutation]
 82558 | Abyss:1  | Lost mutation: You are occasionally teleported next to monsters. [potion of mutation]
 82558 | Abyss:1  | Lost mutation: You tend to lose your temper in combat. [potion of mutation]
 82558 | Abyss:1  | Gained mutation: Your spells are easier to cast, but less powerful. [potion of mutation]
 82558 | Abyss:1  | Gained mutation: Your muscles are strong. (Str +2) [potion of mutation]
 83127 | Depths:4 | Escaped the Abyss
 83227 | Pan      | Entered Pandemonium
 83278 | Pan      | Found a runed door.
 83285 | Pan      | Found a runed door.
 83286 | Pan      | Found a runed door.
 83288 | Pan      | Noticed Vetsieha the pandemonium lord
 83319 | Pan      | Killed Vetsieha the pandemonium lord
 83326 | Pan      | Found a runed door.
 83334 | Pan      | Got an encrusted chain mail
 83337 | Pan      | Identified the +2 chain mail "Fuilutsywoe" {rElec rPois Str+3} (You found it in Pandemonium)
 83434 | Pan      | Found an exit through the horrors of the Abyss.
 83879 | Pan      | Got a faintly glowing plate armour
 83882 | Pan      | Identified the +10 plate armour of Yesterday {SInv} (You acquired it in Pandemonium)
 83988 | Pan      | Noticed Xurorej Rumo the pandemonium lord
 84005 | Pan      | Gained mutation: [Your body sometimes deteriorates upon taking damage.] [a cacodemon]
 84007 | Pan      | Killed Xurorej Rumo the pandemonium lord
 84464 | Pan      | Entered the realm of Lom Lobon.
 84709 | Pan      | Noticed Lom Lobon
 84788 | Pan      | Killed Lom Lobon
 84823 | Pan      | Reached skill level 27 in Invocations
 84891 | Pan      | Got a magical rune of Zot
 85344 | Pan      | Found an exit through the horrors of the Abyss.
 85473 | Pan      | Took an exit into the Abyss.
 85473 | Abyss:1  | Escaped into the Abyss
 85775 | Abyss:1  | Found a corrupted altar of Lugonu.
 85931 | Depths:1 | Escaped the Abyss
 86242 | D:15     | Learned a level 2 spell: Shroud of Golubria
 86286 | D:15     | Learned a level 5 spell: Aura of Abjuration
 86291 | D:15     | Got a pair of smoking gloves
 86302 | D:15     | Identified the +3 pair of gloves of the Journeyman {SInv} (You acquired it on level 15 of the Dungeon)
 86477 | Coc:1    | Entered Level 1 of Cocytus
 87068 | Coc:7    | Entered Level 7 of Cocytus
 87462 | Coc:7    | Noticed Antaeus
 87494 | Coc:7    | Killed Antaeus
 87494 | Coc:7    | Reached skill level 5 in Summonings
 87525 | Coc:7    | Reached skill level 10 in Translocations
 87534 | Coc:7    | Got an icy rune of Zot
 87541 | Coc:7    | Got a crude bone ring
 87702 | Coc:7    | Identified the ring "Bodof" {rN+ MR- EV+3 Int+3 Stlth+} (You found it on level 7 of Cocytus)
 88025 | D:15     | Upgraded the game from 0.21.1-1-g345015f to 0.21.2
 88134 | D:15     | Learned a level 6 spell: Shadow Creatures
 88287 | Tar:1    | Entered Level 1 of Tartarus
 89732 | Tar:7    | Entered Level 7 of Tartarus
 89915 | Tar:7    | Reached skill level 10 in Spellcasting
 90511 | Tar:7    | Reached skill level 27 in Evocations
 91087 | Tar:7    | Reached skill level 10 in Summonings
 91288 | Tar:7    | Gained mutation: Armour fits poorly on your strangely shaped body. [mutagenic glow]
 91303 | Tar:7    | Lost mutation: Armour fits poorly on your strangely shaped body. [potion of mutation]
 91303 | Tar:7    | Lost mutation: You are resistant to hostile enchantments. (MR+) [potion of mutation]
 91303 | Tar:7    | Lost mutation: [Your body sometimes deteriorates upon taking damage.] [potion of mutation]
 91303 | Tar:7    | Lost mutation: Your magical capacity is very low. (-20% MP) [potion of mutation]
 91303 | Tar:7    | Lost mutation: Your spells are easier to cast, but less powerful. [potion of mutation]
 91729 | Tar:7    | Noticed Ereshkigal
 91799 | Tar:7    | Killed Ereshkigal
 91809 | Tar:7    | Got a bone rune of Zot
 92619 | Depths:4 | Voluntarily entered the Abyss.
 93487 | Abyss:1  | Found a corrupted altar of Lugonu.
 93528 | Abyss:1  | Paralysed by you for 4 turns
 93592 | Abyss:1  | Found a corrupted altar of Lugonu.
 94350 | Abyss:1  | Paralysed by accursed screaming for 2 turns
 94713 | Abyss:1  | Reached skill level 15 in Earth Magic
 95129 | Depths:4 | Escaped the Abyss
 95131 | Depths:4 | Voluntarily entered the Abyss.
 95140 | Abyss:1  | Found a shimmering altar of Xom.
 95247 | Depths:4 | Escaped the Abyss
 95294 | Depths:4 | Voluntarily entered the Abyss.
 96156 | Abyss:1  | Found a bloodstained altar of Trog.
 96798 | Abyss:1  | Found a sparkling altar of Nemelex Xobeh.
 96812 | Abyss:1  | Found a sparkling altar of Nemelex Xobeh.
 96919 | Abyss:1  | Noticed an ancient lich
 96927 | Abyss:1  | Killed an ancient lich
 97440 | Depths:4 | Escaped the Abyss
 97447 | Depths:4 | Voluntarily entered the Abyss.
 97447 | Abyss:1  | Found a corrupted altar of Lugonu.
 97793 | Abyss:1  | Lost mutation: Your muscles are strong. (Str +2) [a neqoxec]
 97796 | Abyss:1  | Lost mutation: You are partially covered in thin metallic scales. (AC +2) [potion of mutation]
 97796 | Abyss:1  | Lost mutation: You have a pair of small horns on your head. [potion of mutation]
 97796 | Abyss:1  | Lost mutation: Your spells are a little easier to cast, but a little less powerful. [potion of mutation]
 97796 | Abyss:1  | Lost mutation: [Scrolls take you much longer to read.] [potion of mutation]
 97796 | Abyss:1  | Lost mutation: Your magical capacity is low. (-10% MP) [potion of mutation]
 97796 | Abyss:1  | Gained mutation: You are agile. (Dex +2) [potion of mutation]
 98299 | Abyss:1  | Found a corrupted altar of Lugonu.
 98728 | Abyss:1  | Got a flickering platinum ring
 98890 | Abyss:1  | Found a shimmering altar of Xom.
 98893 | Abyss:1  | Identified the ring "Yturph" {rF+ rC+ Int+4 SInv} (You found it on level 1 of the Abyss)
 99421 | Abyss:2  | Gained mutation: Your spells are a little easier to cast, but a little less powerful. [a neqoxec]
 99480 | Depths:4 | Escaped the Abyss
 99663 | D:15     | Learned a level 8 spell: Controlled Blink
 99676 | D:15     | Learned a level 9 spell: Shatter
 99749 | D:15     | Learned a level 7 spell: Summon Hydra
 99756 | D:15     | Learned a level 6 spell: Iron Shot
 99849 | Pan      | Entered Pandemonium
100050 | Pan      | Noticed Kadghijo the pandemonium lord
100192 | Pan      | Killed Kadghijo the pandemonium lord
100379 | Pan      | Gained mutation: You expend magic power (3 MP) to strengthen your wands. [a cacodemon]
100387 | Pan      | Lost mutation: You are agile. (Dex +2) [a cacodemon]
100689 | Pan      | Entered the realm of Gloorx Vloq.
100984 | Pan      | Found an exit through the horrors of the Abyss.
101193 | Pan      | Noticed Gloorx Vloq
101218 | Pan      | Killed Gloorx Vloq
101257 | Pan      | Got a dark rune of Zot
101444 | Pan      | Took an exit into the Abyss.
101444 | Abyss:1  | Escaped into the Abyss
101448 | Abyss:1  | Got a polished chain mail
101765 | Abyss:1  | Found an iron altar of Okawaru.
101898 | Abyss:1  | Reached skill level 27 in Armour
102181 | Abyss:1  | Found an ancient bone altar of Kikubaaqudgha.
102297 | Depths:1 | Escaped the Abyss
102446 | D:15     | Identified the +8 chain mail of Marbles {Dex+2} (You found it on level 1 of the Abyss)
102641 | Zot:2    | Noticed an orb of fire
102680 | Zot:2    | Killed an orb of fire
102965 | Zot:2    | Got a heavily runed silver ring
102967 | Zot:2    | Identified the ring of Cerphuamp {MR+ Stlth+} (You found it on level 2 of the Realm of Zot)
104649 | Zot:4    | Reached skill level 15 in Spellcasting
105347 | Pan      | Entered Pandemonium
105538 | Pan      | Found a huge runed gate.
105538 | Pan      | Found a huge runed gate.
105538 | Pan      | Found a huge runed gate.
105538 | Pan      | Found a huge runed gate.
105538 | Pan      | Found a huge runed gate.
105538 | Pan      | Found a huge runed gate.
105538 | Pan      | Found a huge runed gate.
105538 | Pan      | Found a huge runed gate.
105538 | Pan      | Found a huge runed gate.
105538 | Pan      | Found a huge runed gate.
105538 | Pan      | Found a huge runed gate.
105538 | Pan      | Found a huge runed gate.
105538 | Pan      | Found a huge runed gate.
105538 | Pan      | Found a huge runed gate.
105538 | Pan      | Found a huge runed gate.
105538 | Pan      | Found a huge runed gate.
105541 | Pan      | Found a huge runed gate.
105546 | Pan      | Noticed Xairiyt the pandemonium lord
105565 | Pan      | Killed Xairiyt the pandemonium lord
105569 | Pan      | Gained mutation: You are clumsy. (Dex -2) [a cacodemon]
105611 | Pan      | Got a crystal hand crossbow
105613 | Pan      | Identified the +7 hand crossbow of Ucsokh {velocity, Str+6} (You found it in Pandemonium)
105700 | Pan      | Got a pair of shimmering boots
105738 | Pan      | Identified the +2 pair of boots of Hangman {+Fly Dex+4} (You acquired it in Pandemonium)
105914 | Pan      | Found an exit through the horrors of the Abyss.
106101 | Pan      | Noticed Icasivviu the pandemonium lord
106153 | Pan      | Killed Icasivviu the pandemonium lord
106460 | Pan      | Gained mutation: Your magical capacity is low. (-10% MP) [a cacodemon]
106599 | Pan      | Got a demonic rune of Zot
107100 | Pan      | Found an exit through the horrors of the Abyss.
107143 | Pan      | Noticed Letiom the pandemonium lord
107200 | Pan      | Killed Letiom the pandemonium lord
107302 | Pan      | Entered the realm of Mnoleg.
107331 | Pan      | Noticed Mnoleg
107370 | Pan      | Killed Mnoleg
107475 | Pan      | Gained mutation: Your magical capacity is very low. (-20% MP) [a neqoxec]
107703 | Pan      | Gained mutation: [You are dopey. (Int -2)] [a neqoxec]
107713 | Pan      | Gained mutation: [You are weak. (Str -2)] [a neqoxec]
107783 | Pan      | Gained mutation: [You are frail. (-10% HP)] [a neqoxec]
107846 | Pan      | Gained mutation: You occasionally shout uncontrollably at your foes. [a cacodemon]
107874 | Pan      | Got a glowing rune of Zot
107993 | Pan      | Gained mutation: Your magical capacity is extremely low. (-30% MP) [a cacodemon]
108095 | Depths:1 | Escaped Pandemonium
108148 | D:15     | Lost mutation: You occasionally shout uncontrollably at your foes. [potion of mutation]
108148 | D:15     | Lost mutation: Your magical capacity is extremely low. (-30% MP) [potion of mutation]
108148 | D:15     | Gained mutation: [Scrolls take you a little longer to read.] [potion of mutation]
108148 | D:15     | Gained mutation: You are resistant to hostile enchantments. (MR+) [potion of mutation]
108149 | D:15     | Lost mutation: Your magical capacity is very low. (-20% MP) [potion of mutation]
108149 | D:15     | Lost mutation: You are clumsy. (Dex -2) [potion of mutation]
108149 | D:15     | Lost mutation: [You are dopey. (Int -2)] [potion of mutation]
108149 | D:15     | Gained mutation: Your mind is acute. (Int +2) [potion of mutation]
108285 | Zig:1    | Entered Level 1 of a ziggurat
108318 | Zig:2    | Entered Level 2 of a ziggurat
108349 | Zig:3    | Entered Level 3 of a ziggurat
108404 | Zig:4    | Entered Level 4 of a ziggurat
108423 | Zig:4    | Got a sparkling ivory amulet
108425 | Zig:4    | Identified the amulet of Ezxaad {Spirit rPois} (You found it on level 4 of a ziggurat)
108435 | Zig:4    | Got a bound marble ring
108437 | Zig:4    | Identified the ring "Vixoxt" {rC+ EV+4 Str+6} (You found it on level 4 of a ziggurat)
108447 | Zig:5    | Entered Level 5 of a ziggurat
108490 | Zig:5    | Reached skill level 27 in Shields
108518 | Zig:6    | Entered Level 6 of a ziggurat
108524 | Zig:6    | Gained mutation: Your spells are easier to cast, but less powerful. [a shining eye]
108541 | Zig:6    | Got a brightly glowing golden ring
108571 | Zig:6    | Identified the ring of Gehudota {Wiz rElec rF- Str+9 Stlth-} (You found it on level 6 of a ziggurat)
108584 | Zig:7    | Entered Level 7 of a ziggurat
108625 | Zig:7    | Got a brightly glowing copper ring
108628 | Zig:7    | Identified the ring of Jaots {rPois Int+4 Stlth-} (You found it on level 7 of a ziggurat)
108633 | Zig:7    | Got a spiked chain mail
108645 | Zig:7    | Identified the +0 chain mail of Indomitability {*Drain +Fly Regen+ rCorr} (You found it on level 7 of a ziggurat)
108664 | Zig:8    | Entered Level 8 of a ziggurat
108808 | Zig:9    | Entered Level 9 of a ziggurat
108893 | Zig:10   | Entered Level 10 of a ziggurat
108965 | Zig:10   | Lost mutation: Your mind is acute. (Int +2) [potion of mutation]
108965 | Zig:10   | Lost mutation: [You are frail. (-10% HP)] [potion of mutation]
108965 | Zig:10   | Lost mutation: You are resistant to hostile enchantments. (MR+) [potion of mutation]
108965 | Zig:10   | Lost mutation: [You are weak. (Str -2)] [potion of mutation]
108965 | Zig:10   | Gained mutation: Your magical capacity is very low. (-20% MP) [potion of mutation]
108965 | Zig:10   | Gained mutation: You are agile. (Dex +2) [potion of mutation]
108989 | Zig:11   | Entered Level 11 of a ziggurat
109002 | Zig:11   | Found the cursed necklace of Bloodlust {*Rage +Rage MR++ Int-3 Slay+6 *Curse}
109062 | Zig:11   | Lost mutation: [Scrolls take you a little longer to read.] [potion of mutation]
109062 | Zig:11   | Lost mutation: You are agile. (Dex +2) [potion of mutation]
109062 | Zig:11   | Lost mutation: Your magical capacity is very low. (-20% MP) [potion of mutation]
109062 | Zig:11   | Gained mutation: You are partially covered in yellow scales. (AC +2) [potion of mutation]
109062 | Zig:11   | Gained mutation: You are robust. (+10% HP) [potion of mutation]
109097 | Zig:12   | Entered Level 12 of a ziggurat
109111 | Zig:12   | Found the +3 sling "Punk" {acid, rCorr}
109111 | Zig:12   | Found the +9 scales of the Dragon King {rPois rF+ rC+ MR+}
109144 | Zig:12   | Identified Ymimohel's Guide on the Shifting Glacier
109154 | Zig:12   | Identified the Collected Works on Frigorific Companions
109250 | Zig:13   | Entered Level 13 of a ziggurat
109547 | Zig:14   | Entered Level 14 of a ziggurat
109780 | Zig:14   | Got a shimmering chain mail
109786 | Zig:14   | Identified the +8 chain mail of the Gardener {rF+ Str-4 Dex+2 Stlth+} (You found it on level 14 of a ziggurat)
109807 | Zig:15   | Entered Level 15 of a ziggurat
109823 | Zig:15   | Noticed a juggernaut
109851 | Zig:15   | Killed a juggernaut
109889 | Zig:15   | Found the amulet of the Air {Inacc +Fly rElec EV+5 RMsl}
109947 | Zig:16   | Entered Level 16 of a ziggurat
110002 | Zig:16   | Found the +7 great mace "Firestarter" {inner flame, rF++}
110021 | Zig:16   | Identified the Collected Works on Boosting Transmutation
110093 | Zig:17   | Entered Level 17 of a ziggurat
110113 | Zig:17   | Noticed Juemi the pandemonium lord
110115 | Zig:17   | Found the +3 giant club "Skullcrusher" {speed, Str+7}
110122 | Zig:17   | Paralysed by accursed screaming for 1 turns
110123 | Zig:17   | Reached skill level 5 in Stealth
110126 | Zig:17   | Mangled by Juemi the pandemonium lord

Skill      XL: |  1  2  3  4  5  6  7  8  9 10 11 12 13 14 15 16 17 18 19 20 21 22 23 24 25 26 27 |
---------------+----------------------------------------------------------------------------------+-----
Armour         | 1 2 3 5 6 7 8 9 10 11 13 17 18 19 20 21 27 | 27.0
Fighting       | 1 2 3 4 5 6 7 8 9 10 11 12 13 14 15 24 | 24.7
Dodging        | 3 4 5 6 7 8 9 10 11 12 13 14 15 16 17 26 | 26.9
Maces & Flails | 1 |  1.5
Evocations     | 5 6 8 10 11 12 13 14 15 16 17 18 19 20 27 | 27.0
Axes           | 1 3 5 8 9 10 11 12 13 14 15 16 17 26 | 26.2
Stealth        | 2 5 |  5.4
Invocations    | 2 7 10 11 12 13 14 15 16 17 18 19 20 21 27 | 27.0
Shields        | 4 7 9 10 11 12 13 14 15 16 17 18 19 20 21 22 23 27 | 27.0
Translocations | 3 5 6 7 10 | 10.5
Spellcasting   | 2 3 4 5 6 15 | 15.0
Earth Magic    | 4 7 8 9 10 20 | 20.0
Conjurations   | 2 4 5 |  5.0
Summonings     | 1 14 | 14.3
Short Blades   | |  0.8

Action                   |  1- 3 |  4- 6 |  7- 9 | 10-12 | 13-15 | 16-18 | 19-21 | 22-24 | 25-27 || total
-------------------------+-------+-------+-------+-------+-------+-------+-------+-------+-------++-------
Melee: Short sword       |    75 |       |       |       |       |       |       |       |       ||    75
       Mace              |    91 |   116 |   119 |   277 |       |       |       |       |       ||   603
       Hand axe          |       |   139 |    59 |       |   983 |  1856 |  2100 |  2142 |  6508 || 13787
       Whip              |       |       |   513 |  1293 |  1390 |       |       |       |       ||  3196
       War axe           |       |       |       |       |   156 |       |       |       |       ||   156
       Flail             |       |       |       |       |    31 |    10 |       |       |       ||    41
       Headbutt          |       |       |       |       |       |     1 |       |       |  2305 ||  2306
       Broad axe         |       |       |       |       |       |       |       |     7 |  7651 ||  7658
       Battleaxe         |       |       |       |       |       |       |       |       |     8 ||     8
       Staff             |       |       |       |       |       |       |       |       |     5 ||     5
 Fire: Hunting sling     |       |       |     9 |       |       |       |       |       |       ||     9
       Blowgun           |       |       |       |       |       |       |       |       |     1 ||     1
Throw: Tomahawk          |       |     3 |    10 |    16 |       |       |       |       |       ||    29
       Throwing net      |       |       |       |     1 |       |       |       |       |     1 ||     2
 Cast: Blink             |       |       |       |       |       |       |     5 |       |     2 ||     7
       Shadow Creatures  |       |       |       |       |       |       |       |       |     8 ||     8
       Shroud of Golubri |       |       |       |       |       |       |       |       |     8 ||     8
       Lee's Rapid Decon |       |       |       |       |       |       |       |       |     6 ||     6
       Summon Hydra      |       |       |       |       |       |       |       |       |     4 ||     4
       Iron Shot         |       |       |       |       |       |       |       |       |     2 ||     2
       Aura of Abjuratio |       |       |       |       |       |       |       |       |     2 ||     2
       Summon Lightning  |       |       |       |       |       |       |       |       |     2 ||     2
Invok: Lesser Healing    |       |       |    26 |   127 |   230 |   161 |   115 |   141 |   921 ||  1721
       Divine Vigour     |       |       |       |       |     1 |       |       |       |       ||     1
       Heal Other        |       |       |       |       |     1 |     2 |     1 |       |     3 ||     7
       Greater Healing   |       |       |       |       |     1 |     1 |     1 |     3 |     9 ||    15
       Purification      |       |       |       |       |       |       |       |       |     5 ||     5
 Abil: Heal Wounds       |     1 |     7 |     5 |       |     1 |       |     2 |       |       ||    16
       Evoke Invisibilit |       |       |     1 |    16 |    23 |     2 |     3 |       |     1 ||    46
       Evoke Berserk Rag |       |       |       |       |     5 |       |       |       |       ||     5
       Evoke Flight      |       |       |       |       |       |       |       |       |     2 ||     2
Evoke: Wand              |     2 |    12 |    18 |    44 |    30 |    66 |    31 |    15 |   120 ||   338
       Lightning rod     |       |       |       |       |       |       |     3 |       |     5 ||     8
       Fan of gales      |       |       |       |       |       |       |       |     1 |       ||     1
       Lamp of fire      |       |       |       |       |       |       |       |     1 |     2 ||     3
       Sack of spiders   |       |       |       |       |       |       |       |     1 |     1 ||     2
       Staff of energy   |       |       |       |       |       |       |       |       |   198 ||   198
       Box of beasts     |       |       |       |       |       |       |       |       |     2 ||     2
  Use: Scroll            |       |       |    10 |     1 |    20 |    10 |    13 |    12 |    55 ||   121
       Potion            |       |       |     1 |     1 |       |     2 |     1 |     1 |    37 ||    43
 Stab: Sleeping          |     4 |     1 |       |       |       |       |       |       |       ||     5
       Confused          |       |     2 |       |       |       |       |       |       |       ||     2
       Betrayed ally     |       |     1 |       |       |       |       |       |       |       ||     1
       Invisible         |       |       |     1 |    44 |    74 |     7 |     4 |       |    30 ||   160
       Held in net/web   |       |       |       |     1 |       |       |       |       |     1 ||     2
       Paralysed         |       |       |       |       |    34 |    36 |    19 |       |    11 ||   100
       Petrified         |       |       |       |       |    15 |       |       |       |     8 ||    23
       Distracted        |       |       |       |       |     1 |     2 |       |     7 |    19 ||    29
       Petrifying        |       |       |       |       |       |       |       |       |     3 ||     3
  Eat: Chunk             |     3 |     7 |    16 |    39 |    81 |    37 |    45 |    38 |   179 ||   445
       Ration            |       |       |     1 |     4 |     4 |     7 |     1 |     5 |    52 ||    74
Armor: Leather armour    |    22 |       |       |       |       |       |       |       |       ||    22
       Ring mail         |    27 |    76 |       |       |       |       |       |       |       ||   103
       Scale mail        |       |     7 |   135 |   246 |   343 |       |       |       |       ||   731
       Chain mail        |       |       |    99 |   171 |       |       |       |       |       ||   270
       Robe              |       |       |    14 |    75 |       |       |       |       |       ||    89
       Pearl dragon scal |       |       |       |       |   225 |   389 |   265 |       |   178 ||  1057
       Gold dragon scale |       |       |       |       |       |       |    87 |   748 |  2376 ||  3211
Dodge: Dodged            |   132 |   179 |   207 |   565 |   618 |   404 |   228 |   344 |  3541 ||  6218
Block: Large shield      |       |       |   426 |  2071 |  2664 |  2566 |  2229 |  2611 | 15279 || 27846
       Reflection        |       |       |     8 |    40 |    75 |   293 |   109 |   151 |   267 ||   943
